 Dungeon Crawl Stone Soup version 0.27.0-1-g7a089689b8 (webtiles) character file.

Game seed: 16751715349017045224

195 Spaninq the Shooter (level 5, -1/54 HPs)
             Began as an Octopode Hunter on Aug 9, 2021.
             Slain by Natasha (6 damage)
             ... on level 3 of the Dungeon.
             The game lasted 00:07:31 (4420 turns).

Spaninq the Shooter (Octopode Hunter)               Turns: 4420, Time: 00:07:32

Health: -1/54      AC:  1    Str: 12    XL:     5   Next: 74%
Magic:  14/14      EV: 14    Int: 13    God:
Gold:   105        SH:  0    Dex: 13    Spells: 4/4 levels left

rFire    . . .     SeeInvis .   f - +0 short sword (venom)
rCold    . . .     Faith    .   (no shield)
rNeg     + . .     Spirit   .   (helmet restricted)
rPois    .         Reflect  .   (no amulet)
rElec    .         Harm     .   g - ring of magical power
rCorr    .         Rampage  .   h - ring of positive energy
Will     .....                  (no ring)
Stlth    ..........             (no ring)
HPRegen  0.18/turn              (no ring)
MPRegen  0.14/turn              (no ring)
                                (no ring)
                                (no ring)

@: berserking, very quick
A: almost no armour, amphibious, 8 rings, camouflage 1, gelatinous body 1,
(nimble swimmer 1), tentacles
a: no special abilities


You were on level 3 of the Dungeon.
You visited 1 branch of the dungeon, and saw 3 of its levels.

You collected 105 gold pieces.

Inventory:

Hand Weapons
 a - a +1 shortbow
 f - a +0 short sword of venom (weapon)
Missiles
 c - 23 arrows
Jewellery
 g - a ring of magical power (left tentacle)
 h - a ring of positive energy (right tentacle)
Wands
 j - a wand of flame (25)
Scrolls
 d - 2 scrolls of identify {unknown}
 i - a scroll of enchant armour {unknown}
Potions
 e - a potion of invisibility {unknown}


   Skills:
 + Level 3.3 Fighting
 * Level 5.5 Bows
 + Level 3.2 Dodging
 - Level 1.3 Stealth


You had 4 spell levels left.
You didn't know any spells.
Your spell library was empty.

Dungeon Overview and Level Annotations

Branches:
Dungeon (3/15)

Altars:
Kikubaaqudgha

Annotations:
D:3 1 runed translucent door, Natasha; Phlounder's ghost, amateur DsFE


Innate Abilities, Weirdness & Mutations

You cannot wear most types of armour.
You are amphibious.
You can wear up to eight rings at the same time.
Your skin changes colour to match your surroundings (Stealth+).
Your rubbery body absorbs attacks. (AC +1, EV +1)
((You are camouflaged near water. (Stealth+)))
You have tentacles for arms and can constrict up to eight enemies at once.


Message History

* * * LOW HITPOINT WARNING * * *
You feel much better.
You constrict Ijyb. Ijyb barely misses you.
You hit Ijyb.
Ijyb is heavily wounded.
You constrict Ijyb. Ijyb hits you with a +0 club.
You hit Ijyb but do no damage.
Ijyb looks as sick as possible!
Ijyb is almost dead.
You constrict Ijyb.
You kill Ijyb!
j - a wand of flame (25)
Things that are here:
a +0 club; a +0 ring mail; the goblin corpse of Ijyb You start resting.
Natasha, Servant of Life and Death comes into view.
She is carrying a wand of polymorph (7).
You see here 20 stones.
Natasha hisses angrily.
Natasha casts a spell.
Natasha stares at you and mumbles some strange words.
You resist with some effort. The shadow imp hits you. Natasha claws you.
The shadow imp hits you.
You barely miss Natasha. Your grab misses Natasha.
Natasha zaps a wand.
You resist with some effort. The shadow imp closely misses you.
You hit Natasha.
Natasha is poisoned.
You grab Natasha.
Natasha is lightly wounded.
You constrict Natasha, but do no damage.
Natasha barely misses you. The shadow imp hits you. Natasha closely misses you.
You hit Natasha.
Natasha looks as sick as possible!
Your squeeze misses Natasha.
Natasha is heavily wounded.
You constrict Natasha.
The shadow imp shouts, "Decamp, thou rough-hewn nose-picking guttersnipe!"
The shadow imp hits you.
* * * LOW HITPOINT WARNING * * *
Natasha claws you!
* * * LOW HITPOINT WARNING * * *
It was a potion of berserk rage.
A red film seems to cover your vision as you go berserk!
You feel yourself moving faster!
You feel mighty!
You constrict Natasha. The shadow imp misses you. Natasha claws you.
You die...

#...##########.# #...
###..............## ###...
#............##...# ##.....
#..#..........####.#
###...#.. ...##..........#
#.# #....##..
...........##.## #.#
#.#..##.. ###..#####.##.##
#.###...###..
........#....<####......##
#.. ........####5@h.##..##..#
#.. .......####.##........###
#..
(.......................###.#
###......(...##.......#..##.#
........)#.#.......#..##....#
.........#.#................#
.>.......#.##.###....(###..#.
###..#.....#.....)....# #....
........).>#..#.......###....


You could see Natasha (extremely poisoned) and a shadow imp (summoned).

Vanquished Creatures
  Ijyb (D:3)
  Natasha (twice) (D:3)
  Robin (D:2)
  3 gnolls (D:3)
  2 worms (D:3)
  A dart slug (D:1)
  2 orcs (D:3)
  4 endoplasms
  2 giant cockroaches
  11 goblins
  9 hobgoblins
  8 jackals (D:2)
  3 kobolds
  4 quokkas
  7 ball pythons
  A bat (D:1)
  4 frilled lizards
65 creatures vanquished.

Vanquished Creatures (others)
  2 withered plants (D:3)
2 creatures vanquished.

Grand Total: 67 creatures vanquished

Notes
Turn   | Place    | Note
-------+----------+-------------------------------------------
     0 | D:1      | Spaninq the Octopode Hunter began the quest for the Orb.
     0 | D:1      | Reached XP level 1. HP: 14/14 MP: 1/1
   154 | D:1      | Reached XP level 2. HP: 19/19 MP: 2/2
  1070 | D:2      | Reached XP level 3. HP: 21/25 MP: 3/3
  1478 | D:2      | Noticed Robin
  1770 | D:2      | Killed Robin
  1771 | D:2      | Reached XP level 4. HP: 23/30 MP: 4/4
  2695 | D:3      | Found a runed translucent door.
  2780 | D:3      | Noticed Phlounder's ghost (amateur DsFE)
  3281 | D:3      | Reached skill level 5 in Bows
  3793 | D:3      | Noticed Natasha
  3801 | D:3      | Killed Natasha
  3802 | D:3      | Reached XP level 5. HP: 23/36 MP: 5/5
  3931 | D:3      | Found an ancient bone altar of Kikubaaqudgha.
  4020 | D:3      | Noticed Ijyb
  4035 | D:3      | Noticed Natasha
  4157 | D:3      | Killed Natasha
  4407 | D:3      | Killed Ijyb
  4412 | D:3      | Noticed Natasha
  4420 | D:3      | Slain by Natasha

Illustrated notes

Levels and vault maps discovered:
D:1:      elethiomel_arrival_maze, layout_basic
D:2:      layout_basic, uniq_robin
D:3:      layout_rooms, lemuel_crystal_altar, gammafunk_ghost_grave,
          hellmonk_ecumenical_altar_lost_god, due_unseen_surprise, uniq_ijyb,
          uniq_natasha

Skill      XL: |  1  2  3  4 |
---------------+-------------+-----
Bows           | 5 |  5.5
Fighting       | 3 |  3.3
Dodging        | 3 |  3.2
Stealth        | |  1.3

Action                   |  1- 3 |  4- 6 || total
-------------------------+-------+-------++-------
Melee: Short sword       |    67 |    71 ||   138
       Constrict         |    22 |    21 ||    43
       Tentacles         |    16 |    16 ||    32
 Fire: Shortbow          |    48 |       ||    48
  Use: Potion            |       |     2 ||     2
 Stab: Sleeping          |     3 |     2 ||     5
       Distracted        |     1 |       ||     1
Armor: Skin              |    11 |     5 ||    16
Dodge: Dodged            |    49 |    34 ||    83
